 Dungeon Crawl Stone Soup version 0.26-a0-800-g517d6fe721 (webtiles) character file.

Game seed: 13175456585751204626

7 jalala the Stinger (level 2, 26/26 HPs)
             Began as a Gnoll Wanderer on Nov 11, 2020.
             Quit the game on level 1 of the Dungeon.
             The game lasted 00:00:25 (342 turns).

jalala the Stinger (Gnoll Wanderer)                  Turns: 342, Time: 00:00:25

Health: 26/26      AC:  2    Str: 15    XL:     2   Next: 0%
Magic:  2/2        EV: 13    Int: 13    God:
Gold:   0          SH:  0    Dex: 14    Spells: 1/1 levels left

rFire    . . .     SeeInvis .   a - +0 club
rCold    . . .     Faith    .   (no shield)
rNeg     . . .     Spirit   .   d - +0 robe
rPois    .         Reflect  .   (no helmet)
rElec    .         Harm     .   (no cloak)
rCorr    .         Rampage  .   (no gloves)
MR       .....                  (no boots)
Stlth    ++........             (no amulet)
HPRegen  0.08/turn              (no ring)
MPRegen  0.08/turn              (no ring)

@: no status effects
A: distributed training, fangs 1, strong nose
a: no special abilities


You were on level 1 of the Dungeon.
You visited 1 branch of the dungeon, and saw 1 of its levels.

Inventory:

Hand Weapons
 a - a +0 club (weapon)
Armour
 d - a +0 robe (worn)
Potions
 b - a potion of curing
 c - a potion of lignification
Miscellaneous
 e - a phantom mirror


   Skills:
 + Level 4.4 Fighting
 + Level 0.2 Short Blades
 + Level 4.4 Long Blades
 + Level 0.2 Axes
 + Level 0.2 Maces & Flails
 + Level 0.2 Polearms
 + Level 0.2 Staves
 + Level 0.2 Slings
 + Level 0.2 Bows
 + Level 0.2 Crossbows
 + Level 0.2 Throwing
 + Level 0.2 Armour
 + Level 2.4 Dodging
 + Level 2.2 Stealth
 + Level 0.2 Shields
 + Level 0.2 Unarmed Combat
 + Level 0.2 Spellcasting
 + Level 0.1 Conjurations
 + Level 0.1 Hexes
 + Level 0.1 Summonings
 + Level 0.1 Necromancy
 + Level 0.1 Translocations
 + Level 0.1 Transmutations
 + Level 0.1 Fire Magic
 + Level 0.1 Ice Magic
 + Level 0.1 Air Magic
 + Level 0.1 Earth Magic
 + Level 5.3 Poison Magic
 + Level 0.3 Invocations
 + Level 2.4 Evocations


You had one spell level left.
You didn't know any spells.
Your spell library was empty.

Dungeon Overview and Level Annotations

Branches:
Dungeon (1/15)

Altars:


Innate Abilities, Weirdness & Mutations

Your experience applies equally to all skills.
You have very sharp teeth.
Your uncanny sense of smell can sniff out nearby items.


Message History

The hobgoblin hits you but does no damage.
The hobgoblin misses you.
You hit the hobgoblin.
You kill the hobgoblin!
Things that are here:
a +0 club; a cursed +0 club You start resting.
HP restored.
A kobold comes into view. It is wielding a +0 whip.
Found 4 gold pieces.
The helpless kobold fails to defend itself.
You hit the kobold.
The kobold is severely wounded.
The kobold misses you.
You hit the kobold.
You kill the kobold!
You have reached level 2!
Things that are here:
a +0 whip; 2 stones; a kobold corpse Are you sure you want to abandon this character and quit the game? (Confirm with "yes".)

##### # ###
###### # ...
....# # #..
#...## # #...
.... # #..$##..#
# ......## #
#....# # #.@..#
##### # ####.#
##...## # #.#
##.....## # ∆
#.# #......)###
#.####.......)..
#............###
#######.....##
##...## #####


There were no monsters in sight!

Vanquished Creatures
  A goblin (D:1)
  2 hobgoblins (D:1)
  2 kobolds (D:1)
  A rat (D:1)
6 creatures vanquished.

Notes
Turn   | Place    | Note
-------+----------+-------------------------------------------
     0 | D:1      | jalala the Gnoll Wanderer began the quest for the Orb.
     0 | D:1      | jalala set off with the following items: a +0 club, a
                  | potion of curing, a potion of lignification, a +0 robe, a
                  | phantom mirror
     0 | D:1      | Reached XP level 1. HP: 20/20 MP: 1/1
   340 | D:1      | Reached XP level 2. HP: 26/26 MP: 2/2
   342 | D:1      | Quit the game

Illustrated notes

Levels and vault maps discovered:
D:1:      onia_arrival_mini_maze_b, layout_loops_cross

Action                   || total
-------------------------++-------
Melee: Club              ||    16
       Bite              ||     1
 Stab: Sleeping          ||     1
Armor: Robe              ||     1
Dodge: Dodged            ||    12

Table legend: (Time is in decaauts)
 A = Elapsed time spent in this place.
 B = Non-inter-level travel time spent in this place.
 C = Inter-level travel time spent in this place.
 D = Time resting spent in this place.
 E = Time spent auto-exploring this place.
 F = Levels seen in this place.
 G = Mean time per level.
                   A        B        C        D        E       F      G
               +--------+--------+--------+--------+--------+-----+--------+
         Total |    346 |    346 |      0 |    245 |     59 |   1 |  346.0 |
       Dungeon |    346 |    346 |      0 |    245 |     59 |   1 |  346.0 |
               +--------+--------+--------+--------+--------+-----+--------+

Top non-repeatable levels by time:
     D:1: 346 daAuts
